Senators vs Sasquatch (R2)

Created - 8 mai 2016 at 22:28

Goals
1 2 3 T
Senators 2 0 2 4
Sasquatch 0 3 2 5
Shots
1 2 3 T
Senators 17 8 5 30
Sasquatch 8 20 13 41

1st period

1. Senators , Erik Karlsson 1 (Jaden Schwartz, Matt Frattin) at 2:22
2. Senators , Dylan Hunter 1 (Jack Skille, Milan Jurcina) at 6:40

Penalties :
Shane Sims (BIN) for Roughing (Minor) at 7:02, Erik Karlsson (BIN) for Hooking (Minor) at 17:35

2nd period

3. Sasquatch , Jason Akeson 1 (Filip Novak) at 6:13
4. Sasquatch , Jonathan Blum 1 (Brock Trotter, Kevin Porter) at 8:54
5. Sasquatch , Derek Stepan 3 (D.J King, Yann Sauvé) at 16:15

Penalties :
Vernon Fiddler (BIN) for Hooking (Minor) at 16:37

3rd period

6. Senators , Sergei Kostitsyn 4 (Vernon Fiddler) at 0:16 (PP)
7. Sasquatch , Mikael Backlund 3 (Michal Jordan) at 7:30
8. Sasquatch , Josh Bailey 1 (Stephane Da Costa) at 11:14
9. Senators , Vernon Fiddler 1 (Jack Skille) at 11:25

Penalties :
D.J King (Gat) for Tripping (Minor) at 0:15, Milan Jurcina (BIN) for Hooking (Minor) at 7:45, Linus Omark (Gat) for High sticking (Minor) at 8:24, Milan Jurcina (BIN) for Boarding (Minor) at 13:06, Erik Karlsson (BIN) for High sticking (Minor) at 18:54

Goalie Stats

Jonas Gustavsson (BIN), 36 saves from 41 shots - (0,878), L, 1-1-0, 60:00 minutes
Braden Holtby (Gat), 26 saves from 30 shots - (0,867), W, 2-0-1, 60:00 minutes

Players Stats for Senators

Player Name              G  A  P  +/- PIM S  H  SB GA TA FO     MP     PP MP  PK MP  
------------------------------------------------------------------------------------
Cody Hodgson             0  0  0  -1  0   0  1  0  1  0  5/12   15:22   0:20   0:21 
Dylan Hunter             1  0  1   1  0   2  1  0  1  1  0/0    11:27   0:19   2:32 
Erik Karlsson            1  0  1   3  4   3  1  3  0  0  0/0    26:09   0:20   3:46 
Jack Skille              0  2  2  -1  0   2  2  3  1  1  1/1    19:50   0:01   0:00 
Jaden Schwartz           0  1  1   1  0   2  1  0  1  0  0/0     8:19   0:00   0:49 
Logan Stephenson         0  0  0  -3  0   0  0  1  0  2  0/0    21:44   0:20   4:10 
Mark Olver               0  0  0   0  0   2  2  0  0  1  2/6     8:50   0:00   0:00 
Martin Marincin          0  0  0  -3  0   1  0  1  0  0  0/0    15:39   0:00   4:05 
Matt Frattin             0  1  1   1  0   1  0  0  0  1  2/3    13:13   0:00   3:51 
Michal Grosek            0  0  0  -1  0   5  2  0  1  0  0/0    17:00   0:20   2:07 
Milan Jurcina            0  1  1   3  4   1  3  0  0  2  0/0    25:01   0:20   3:46 
Nick Bjugstad            0  0  0   1  0   0  0  0  0  0  1/3     9:03   0:19   0:55 
Patrick Wey              0  0  0  -2  0   1  2  0  0  1  0/0    11:51   0:19   0:18 
Sergei Kostitsyn         1  0  1  -3  0   3  2  1  0  0  2/2    19:49   0:01   1:58 
Shane Sims               0  0  0  -2  2   0  0  0  0  0  0/0    20:12   0:20   3:15 
Stanislav Chistov        0  0  0   0  0   1  0  0  0  0  0/0     6:58   0:00   1:59 
Steven Goertzen          0  0  0  -1  0   1  2  2  0  0  0/0    14:53   0:20   0:00 
Vernon Fiddler           1  1  2  -3  2   5  1  0  1  1  17/45  23:34   0:01   4:48 

Players Stats for Sasquatch

Player Name              G  A  P  +/- PIM S  H  SB GA TA FO     MP     PP MP  PK MP  
------------------------------------------------------------------------------------
Andrej Sustr             0  0  0   0  0   0  4  1  0  1  0/0    11:30   0:00   0:00 
Brock Trotter            0  1  1   1  0   0  2  0  0  0  0/1    10:21   0:00   0:24 
Cam Atkinson             0  0  0   0  0   2  2  0  0  0  0/1    21:44   5:33   0:00 
D.J King                 0  1  1   0  2   6  5  0  3  1  2/2    21:20   4:07   0:10 
Derek Stepan             1  0  1   0  0   7  2  0  0  0  22/37  20:08   4:07   0:00 
Drew Shore               0  0  0   0  0   0  0  0  0  0  0/0     1:28   0:00   0:15 
Filip Novak              0  1  1   1  0   3  1  7  1  1  0/0    29:46   7:16   0:02 
James Livingstone        0  0  0   0  0   0  0  0  0  0  0/1     0:37   0:00   0:15 
Jason Akeson             1  0  1   2  0   1  3  0  0  0  0/1    17:14   4:07   0:00 
Jesper Fast              0  0  0  -1  0   0  2  1  0  0  0/0     8:48   0:00   0:00 
Jonathan Blum            1  0  1   1  0   1  5  0  3  0  0/0    18:44   2:24   0:38 
Josh Bailey              1  0  1  -1  0   2  3  1  0  0  0/1     9:17   0:00   0:15 
Kevin Porter             0  1  1   1  0   5  2  1  1  0  7/8    15:28   5:33   0:00 
Linden Vey               0  0  0   1  0   0  1  1  0  0  0/0     9:39   0:00   0:00 
Linus Omark              0  0  0   2  2   7  1  0  0  1  0/1    18:50   5:32   0:01 
Michal Jordan            0  1  1   0  0   0  1  0  0  0  0/0    11:30   0:00   0:00 
Mikael Backlund          1  0  1   2  0   3  1  0  0  0  8/14   13:22   0:00   0:00 
Nick Leddy               0  0  0   1  0   0  0  0  0  1  0/0    21:29   2:24   0:38 
Stephane Da Costa        0  1  1  -1  0   2  1  0  1  0  3/5     8:48   0:00   0:00 
Teemu Hartikainen        0  0  0   0  0   0  0  0  0  0  0/0     0:54   0:00   0:00 
Yann Sauvé               0  1  1   1  0   2  3  0  1  1  0/0    27:01   7:16   0:02 

3 Stars

1 - Jason Akeson (Gat)
2 - Jonathan Blum (Gat)
3 - Mikael Backlund (Gat)

Power Play

Senators - 1 on 2 Attempt(s) - 50,00%
Sasquatch - 0 on 6 Attempt(s) - 0,00%

Penalty Kill

Senators - 6 on 6 Attempt(s) - 100,00% - Score 0 goal in Penalty Kill
Sasquatch - 1 on 2 Attempt(s) - 50,00% - Score 0 goal in Penalty Kill

Team Stat

Senators - Hits : 20 - Faceoff Wins : 30 - Blocked Shots : 11 - Penalty Minutes : 12
Sasquatch - Hits : 39 - Faceoff Wins : 42 - Blocked Shots : 12 - Penalty Minutes : 4

Official

Referees : Meier Brad and Sutherland Kelly
Linesman : Andy McElman and Bryan Pancich

Game Notes

Stanislav Chistov is injured at 1:44 of 2nd period (Strained Right Knee)

Finance

Level 1 -- Attendance: 1601 (80,05%) -- Ticket Income 56 035 $
Level 2 -- Attendance: 921 (92,10%) -- Ticket Income 13 815 $
Total Attendance: 2522 (84,07%)
Total Ticket Income: 69 850 $
Other Income: 3 492 $
Total Income: 73 342 $

Senators

5 vs 5 Forward 
   Center                   Left Wing                Right Wing               Time % Phy DF OF 
 1 Vernon Fiddler           Sergei Kostitsyn         Stanislav Chistov        39     1   2  2  
 2 Cody Hodgson             Michal Grosek            Steven Goertzen          28     1   2  2  
 3 Mark Olver               Dylan Hunter             Jack Skille              20     1   2  2  
 4 Nick Bjugstad            Jaden Schwartz           Matt Frattin             13     1   2  2  

5 vs 5 Defense 
   Defense                  Defense                                           Time % Phy DF OF 
 1 Milan Jurcina            Erik Karlsson                                     44     1   2  2  
 2 Logan Stephenson         Shane Sims                                        33     1   2  2  
 3 Patrick Wey              Martin Marincin                                   23     1   2  2  
 4 Milan Jurcina            Erik Karlsson                                     0      1   2  2  

PowerPlay Forward 
   Center                   Left Wing                Right Wing               Time % Phy DF OF 
 1 Vernon Fiddler           Sergei Kostitsyn         Stanislav Chistov        60     1   2  2  
 2 Cody Hodgson             Michal Grosek            Steven Goertzen          40     1   2  2  

PowerPlay Defense
   Defense                  Defense                                           Time % Phy DF OF 
 1 Milan Jurcina            Erik Karlsson                                     60     1   2  2  
 2 Logan Stephenson         Shane Sims                                        40     1   2  2  

Penalty Kill 4 Players Forward 
   Center                   Wing                     Time % Phy DF OF 
 1 Vernon Fiddler           Stanislav Chistov        60     1   2  2  
 2 Sergei Kostitsyn         Michal Grosek            40     1   2  2  

Penalty Kill 4 Players Defense
   Defense                  Defense                  Time % Phy DF OF 
 1 Milan Jurcina            Erik Karlsson            60     1   2  2  
 2 Logan Stephenson         Shane Sims               40     1   2  2  

Penalty Kill - 3 Players Forward 
   Forward                                           Time % Phy DF OF 
 1 Vernon Fiddler                                    60     1   2  2  
 2 Stanislav Chistov                                 40     1   2  2  

Penalty Kill - 3 Players Defense
   Defense                  Defense                  Time % Phy DF OF 
 1 Milan Jurcina            Erik Karlsson            60     1   2  2  
 2 Logan Stephenson         Shane Sims               40     1   2  2  

4 vs 4 Forward 
   Center                   Wing                     Time % Phy DF OF 
 1 Vernon Fiddler           Stanislav Chistov        60     1   2  2  
 2 Sergei Kostitsyn         Michal Grosek            40     1   2  2  

4 vs 4 Defense
   Defense                  Defense                  Time % Phy DF OF 
 1 Milan Jurcina            Erik Karlsson            60     1   2  2  
 2 Logan Stephenson         Shane Sims               40     1   2  2  

Last Minutes Offensive
   Center                   Left Wing                Right Wing               Defense                  Defense                  
   Vernon Fiddler           Sergei Kostitsyn         Stanislav Chistov        Milan Jurcina            Erik Karlsson            

Last Minutes Defensive
   Center                   Left Wing                Right Wing               Defense                  Defense                  
   Vernon Fiddler           Sergei Kostitsyn         Stanislav Chistov        Milan Jurcina            Erik Karlsson            

Goaltenders
Starting : Jonas Gustavsson         
Backup : Alexander Salak          

Extra Forwards
Normal : Jack Skille, Mark Olver, Matt Frattin - PP : Jack Skille, Mark Olver - PK : Matt Frattin
Extra Defensemen
Normal : Patrick Wey, Martin Marincin, Logan Stephenson - PP : Patrick Wey - PK : Martin Marincin, Logan Stephenson
Penalty Shots
Vernon Fiddler, Stanislav Chistov, Sergei Kostitsyn, Michal Grosek, Cody Hodgson

Sasquatch

5 vs 5 Forward 
   Center                   Left Wing                Right Wing               Time % Phy DF OF 
 1 Derek Stepan             D.J King                 Cam Atkinson             40     1   2  2  
 2 Mikael Backlund          Linus Omark              Jason Akeson             30     1   2  2  
 3 Kevin Porter             Brock Trotter            Linden Vey               20     1   2  2  
 4 Stephane Da Costa        Josh Bailey              Jesper Fast              10     1   2  2  

5 vs 5 Defense 
   Defense                  Defense                                           Time % Phy DF OF 
 1 Filip Novak              Nick Leddy                                        40     1   2  2  
 2 Jonathan Blum            Yann Sauvé                                        30     1   2  2  
 3 Andrej Sustr             Michal Jordan                                     20     1   2  2  
 4 Filip Novak              Yann Sauvé                                        10     1   2  2  

PowerPlay Forward 
   Center                   Left Wing                Right Wing               Time % Phy DF OF 
 1 Derek Stepan             D.J King                 Jason Akeson             60     1   2  2  
 2 Kevin Porter             Linus Omark              Cam Atkinson             40     1   2  2  

PowerPlay Defense
   Defense                  Defense                                           Time % Phy DF OF 
 1 Filip Novak              Yann Sauvé                                        60     1   2  2  
 2 Jonathan Blum            Nick Leddy                                        40     1   2  2  

Penalty Kill 4 Players Forward 
   Center                   Wing                     Time % Phy DF OF 
 1 D.J King                 Linus Omark              60     1   2  2  
 2 Kevin Porter             Derek Stepan             40     1   2  2  

Penalty Kill 4 Players Defense
   Defense                  Defense                  Time % Phy DF OF 
 1 Filip Novak              Yann Sauvé               60     1   2  2  
 2 Jonathan Blum            Nick Leddy               40     1   2  2  

Penalty Kill - 3 Players Forward 
   Forward                                           Time % Phy DF OF 
 1 D.J King                                          60     1   2  2  
 2 Linus Omark                                       40     1   2  2  

Penalty Kill - 3 Players Defense
   Defense                  Defense                  Time % Phy DF OF 
 1 Filip Novak              Yann Sauvé               60     1   2  2  
 2 Jonathan Blum            Nick Leddy               40     1   2  2  

4 vs 4 Forward 
   Center                   Wing                     Time % Phy DF OF 
 1 D.J King                 Linus Omark              60     1   2  2  
 2 Kevin Porter             Derek Stepan             40     1   2  2  

4 vs 4 Defense
   Defense                  Defense                  Time % Phy DF OF 
 1 Filip Novak              Yann Sauvé               60     1   2  2  
 2 Jonathan Blum            Nick Leddy               40     1   2  2  

Last Minutes Offensive
   Center                   Left Wing                Right Wing               Defense                  Defense                  
   Derek Stepan             D.J King                 Jason Akeson             Filip Novak              Nick Leddy               

Last Minutes Defensive
   Center                   Left Wing                Right Wing               Defense                  Defense                  
   Kevin Porter             D.J King                 Cam Atkinson             Filip Novak              Yann Sauvé               

Goaltenders
Starting : Braden Holtby            
Backup : Jake Allen               

Extra Forwards
Normal : Drew Shore, Teemu Hartikainen, James Livingstone - PP : Drew Shore, Teemu Hartikainen - PK : James Livingstone
Extra Defensemen
Normal : Andrej Sustr, Michal Jordan, Jonathan Blum - PP : Andrej Sustr - PK : Michal Jordan, Jonathan Blum
Penalty Shots
D.J King, Linus Omark, Kevin Porter, Derek Stepan, Mikael Backlund

% Time on Ice - Senators

Lines # - Real PCT - Wanted PCT - Time Play
Normal Forward
1 - 38% - 39% - 18:11
2 - 30% - 28% - 14:35
3 - 17% - 20% - 7:59
4 - 16% - 13% - 7:30
Normal Defense
1 - 44% - 44% - 21:07
2 - 33% - 33% - 16:09
3 - 23% - 23% - 10:59
4 - 0% - 0% - 0:00
PP Forward
1 - 50% - 60% - 0:20
2 - 50% - 40% - 0:20
PP Defense
1 - 50% - 60% - 0:20
2 - 50% - 40% - 0:20
PK Forward
1 - 80% - 60% - 7:42
2 - 20% - 40% - 1:58
PK Defense
1 - 57% - 60% - 5:30
2 - 43% - 40% - 4:10
PK3 Forward
1 - 0% - 60%
2 - 0% - 40%
PK3 Defense
1 - 0% - 60%
2 - 0% - 40%
44 Forward
1 - 100% - 60% - 1:20
2 - 0% - 40% - 0:00
44 Defense
1 - 66% - 60% - 0:53
2 - 34% - 40% - 0:27
Last Minute Offensive  - 0:05
Last Minute Defensive  - 0:00
Total
Forward - 60:00
Defense - 60:00

% Time on Ice - Sasquatch

Lines # - Real PCT - Wanted PCT - Time Play
Normal Forward
1 - 34% - 40% - 16:15
2 - 28% - 30% - 13:33
3 - 20% - 20% - 9:39
4 - 18% - 10% - 8:48
Normal Defense
1 - 37% - 40% - 18:00
2 - 31% - 30% - 15:10
3 - 24% - 20% - 11:30
4 - 7% - 10% - 3:35
PP Forward
1 - 43% - 60% - 4:07
2 - 57% - 40% - 5:33
PP Defense
1 - 75% - 60% - 7:16
2 - 25% - 40% - 2:24
PK Forward
1 - 100% - 60% - 0:40
2 - 0% - 40% - 0:00
PK Defense
1 - 5% - 60% - 0:02
2 - 95% - 40% - 0:38
PK3 Forward
1 - 0% - 60%
2 - 0% - 40%
PK3 Defense
1 - 0% - 60%
2 - 0% - 40%
44 Forward
1 - 100% - 60% - 1:20
2 - 0% - 40% - 0:00
44 Defense
1 - 60% - 60% - 0:48
2 - 40% - 40% - 0:32
Last Minute Offensive  - 0:00
Last Minute Defensive  - 0:05
Total
Forward - 60:00
Defense - 60:00

Play by Play

1st period


0:01 of 1st period - Sergei Kostitsyn wins face-off versus Derek Stepan in neutral zone.
0:03 of 1st period - Off-side.
0:04 of 1st period - Vernon Fiddler wins face-off versus Cam Atkinson in neutral zone.
0:07 of 1st period - Slapshot by Erik Karlsson.
0:07 of 1st period - Deflect By Vernon Fiddler.
0:07 of 1st period - Shot Blocked by Filip Novak.
0:07 of 1st period - Puck is out of play.
0:08 of 1st period - Vernon Fiddler wins face-off versus Derek Stepan in Sasquatch zone.
0:09 of 1st period - Slapshot by Stanislav Chistov.
0:09 of 1st period - Shot Misses the Net.
0:11 of 1st period - Slapshot by Erik Karlsson.
0:11 of 1st period - Stopped by Braden Holtby without a rebound.
0:12 of 1st period - Cody Hodgson wins face-off versus Mikael Backlund in Sasquatch zone.
0:41 of 1st period - Logan Stephenson is hit by Brock Trotter and loses puck.
1:04 of 1st period - Snap shot by Stanislav Chistov.
1:04 of 1st period - Stopped by Braden Holtby with a rebound.
1:20 of 1st period - Milan Jurcina is hit by Andrej Sustr and loses puck.
1:25 of 1st period - Wrist shot by Stephane Da Costa.
1:25 of 1st period - Stopped by Jonas Gustavsson with a rebound.
1:27 of 1st period - Slapshot by Filip Novak.
1:27 of 1st period - Stopped by Jonas Gustavsson without a rebound.
1:28 of 1st period - Cody Hodgson wins face-off versus Mikael Backlund in Senators zone.
1:28 of 1st period - Steven Goertzen is hit by Mikael Backlund and loses puck.
2:12 of 1st period - Off-side.
2:13 of 1st period - Stephane Da Costa wins face-off versus Nick Bjugstad in neutral zone.
2:22 of 1st period - Slapshot by Erik Karlsson.
2:22 of 1st period - Deflect By Jesper Fast.
2:22 of 1st period - Goal by Erik Karlsson - Senators : 1 - Sasquatch : 0.
2:23 of 1st period - Kevin Porter wins face-off versus Mark Olver in neutral zone.
2:26 of 1st period - Milan Jurcina is hit by Linden Vey and loses puck.
2:33 of 1st period - Snap shot by Kevin Porter.
2:33 of 1st period - Stopped by Jonas Gustavsson without a rebound.
2:34 of 1st period - Cody Hodgson wins face-off versus Derek Stepan in Senators zone.
2:34 of 1st period - Cody Hodgson is hit by D.J King.
3:08 of 1st period - Mikael Backlund is hit by Milan Jurcina and loses puck.
3:27 of 1st period - Wrist shot by Mark Olver.
3:27 of 1st period - Deflect By Jack Skille.
3:27 of 1st period - Stopped by Braden Holtby without a rebound.
3:28 of 1st period - Kevin Porter wins face-off versus Matt Frattin in Sasquatch zone.
4:21 of 1st period - Jaden Schwartz is hit by Brock Trotter and loses puck.
5:13 of 1st period - Off-side.
5:14 of 1st period - Vernon Fiddler wins face-off versus Derek Stepan in neutral zone.
6:20 of 1st period - Milan Jurcina is hit by Jesper Fast and loses puck.
6:27 of 1st period - Filip Novak is hit by Jack Skille and loses puck.
6:32 of 1st period - Slapshot by Erik Karlsson.
6:32 of 1st period - Deflect By Dylan Hunter.
6:32 of 1st period - Stopped by Braden Holtby with a rebound.
6:34 of 1st period - Snap shot by Dylan Hunter.
6:34 of 1st period - Shot Misses the Net.
6:36 of 1st period - Slapshot by Milan Jurcina.
6:36 of 1st period - Shot Misses the Net.
6:38 of 1st period - Wrist shot by Jack Skille.
6:38 of 1st period - Shot Blocked by Jesper Fast.
6:40 of 1st period - Wrist shot by Dylan Hunter.
6:40 of 1st period - Goal by Dylan Hunter - Senators : 2 - Sasquatch : 0.
6:41 of 1st period - Derek Stepan wins face-off versus Vernon Fiddler in neutral zone.
6:46 of 1st period - Snap shot by Derek Stepan.
6:46 of 1st period - Shot Misses the Net.
7:02 of 1st period - Minor Penalty to Shane Sims for Roughing.
7:03 of 1st period - Vernon Fiddler wins face-off versus Derek Stepan in Senators zone.
7:03 of 1st period - Vernon Fiddler is hit by Jason Akeson.
7:52 of 1st period - Wrist shot by Derek Stepan.
7:52 of 1st period - Stopped by Jonas Gustavsson with a rebound.
7:54 of 1st period - Wrist shot by Filip Novak.
7:54 of 1st period - Shot Blocked by Martin Marincin.
7:56 of 1st period - Wrist shot by Yann Sauvé.
7:56 of 1st period - Deflect By D.J King.
7:56 of 1st period - Stopped by Jonas Gustavsson with a rebound.
8:50 of 1st period - Yann Sauvé is hit by Dylan Hunter and loses puck.
9:02 of 1st period - Penalty to Shane Sims is over, Shane Sims is back on ice.
9:09 of 1st period - Wrist shot by Michal Grosek.
9:09 of 1st period - Stopped by Braden Holtby with a rebound.
9:11 of 1st period - Slapshot by Patrick Wey.
9:11 of 1st period - Shot Misses the Net.
9:13 of 1st period - Snap shot by Steven Goertzen.
9:13 of 1st period - Shot Blocked by Filip Novak.
9:15 of 1st period - Slapshot by Martin Marincin.
9:15 of 1st period - Shot Blocked by Filip Novak.
9:17 of 1st period - Slapshot by Patrick Wey.
9:17 of 1st period - Stopped by Braden Holtby without a rebound.
9:18 of 1st period - Mark Olver wins face-off versus Stephane Da Costa in Sasquatch zone.
9:25 of 1st period - Slapshot by Mark Olver.
9:25 of 1st period - Stopped by Braden Holtby without a rebound.
9:26 of 1st period - Mark Olver wins face-off versus Josh Bailey in Sasquatch zone.
9:29 of 1st period - Slapshot by Mark Olver.
9:29 of 1st period - Stopped by Braden Holtby with a rebound.
9:31 of 1st period - Slapshot by Dylan Hunter.
9:31 of 1st period - Shot Blocked by Andrej Sustr.
9:39 of 1st period - Logan Stephenson is hit by Andrej Sustr and loses puck.
9:54 of 1st period - Logan Stephenson is hit by Josh Bailey and loses puck.
10:13 of 1st period - Slapshot by Josh Bailey.
10:13 of 1st period - Stopped by Jonas Gustavsson without a rebound.
10:14 of 1st period - Derek Stepan wins face-off versus Vernon Fiddler in Senators zone.
10:19 of 1st period - Wrist shot by Derek Stepan.
10:19 of 1st period - Stopped by Jonas Gustavsson with a rebound.
10:44 of 1st period - Snap shot by Michal Grosek.
10:44 of 1st period - Stopped by Braden Holtby with a rebound.
10:46 of 1st period - Slapshot by Milan Jurcina.
10:46 of 1st period - Shot Misses the Net.
10:55 of 1st period - Icing by Filip Novak.
10:56 of 1st period - Nick Bjugstad wins face-off versus Brock Trotter in Sasquatch zone.
10:57 of 1st period - Snap shot by Matt Frattin.
10:57 of 1st period - Stopped by Braden Holtby with a rebound.
12:14 of 1st period - Slapshot by Erik Karlsson.
12:14 of 1st period - Shot Blocked by Josh Bailey.
12:27 of 1st period - Wrist shot by D.J King.
12:27 of 1st period - Stopped by Jonas Gustavsson with a rebound.
13:28 of 1st period - Jesper Fast is hit by Mark Olver and loses puck.
13:47 of 1st period - D.J King is hit by Jaden Schwartz and loses puck.
14:28 of 1st period - Logan Stephenson is hit by Andrej Sustr and loses puck.
15:10 of 1st period - Wrist shot by Vernon Fiddler.
15:10 of 1st period - Stopped by Braden Holtby without a rebound.
15:11 of 1st period - Mikael Backlund wins face-off versus Vernon Fiddler in Sasquatch zone.
15:11 of 1st period - Mikael Backlund is hit by Sergei Kostitsyn.
16:00 of 1st period - Snap shot by Jaden Schwartz.
16:00 of 1st period - Stopped by Braden Holtby with a rebound.
16:26 of 1st period - Stanislav Chistov is hit by Jonathan Blum and loses puck.
16:41 of 1st period - Logan Stephenson is hit by Andrej Sustr.
16:58 of 1st period - Mark Olver is hit by Derek Stepan and loses puck.
17:06 of 1st period - Patrick Wey is hit by D.J King and loses puck.
17:26 of 1st period - Erik Karlsson is hit by Michal Jordan and loses puck.
17:35 of 1st period - Minor Penalty to Erik Karlsson for Hooking.
17:36 of 1st period - Vernon Fiddler wins face-off versus Derek Stepan in Senators zone.
17:45 of 1st period - Stanislav Chistov is hit by Yann Sauvé and loses puck.
18:08 of 1st period - Wrist shot by Sergei Kostitsyn.
18:08 of 1st period - Stopped by Braden Holtby with a rebound.
18:10 of 1st period - Snap shot by Sergei Kostitsyn.
18:10 of 1st period - Shot Misses the Net.
18:12 of 1st period - Slapshot by Martin Marincin.
18:12 of 1st period - Stopped by Braden Holtby with a rebound.
18:14 of 1st period - Snap shot by Michal Grosek.
18:14 of 1st period - Shot Blocked by Filip Novak.
18:16 of 1st period - Backhand shot by Milan Jurcina.
18:16 of 1st period - Stopped by Braden Holtby with a rebound.
18:41 of 1st period - Off-side.
18:42 of 1st period - Matt Frattin wins face-off versus Kevin Porter in neutral zone.
19:14 of 1st period - Martin Marincin is hit by Cam Atkinson and loses puck.
19:35 of 1st period - Penalty to Erik Karlsson is over, Erik Karlsson is back on ice.
19:44 of 1st period - Jack Skille is hit by Josh Bailey and loses puck.
Goals for this period are 2 for Senators vs 0 for Sasquatch.
Shots for this period are 17 for Senators vs 8 for Sasquatch.

2nd period


0:01 of 2nd period - Derek Stepan wins face-off versus Vernon Fiddler in neutral zone.
0:30 of 2nd period - Slapshot by Linus Omark.
0:30 of 2nd period - Stopped by Jonas Gustavsson with a rebound.
0:32 of 2nd period - Wrist shot by Linus Omark.
0:32 of 2nd period - Shot Blocked by Steven Goertzen.
0:34 of 2nd period - Snap shot by Filip Novak.
0:34 of 2nd period - Stopped by Jonas Gustavsson without a rebound.
0:35 of 2nd period - Mikael Backlund wins face-off versus Vernon Fiddler in Senators zone.
1:29 of 2nd period - Snap shot by Jack Skille.
1:29 of 2nd period - Shot Blocked by Kevin Porter.
1:31 of 2nd period - Snap shot by Shane Sims.
1:31 of 2nd period - Shot Blocked by Filip Novak.
1:33 of 2nd period - Snap shot by Shane Sims.
1:33 of 2nd period - Shot Blocked by Linden Vey.
1:43 of 2nd period - Stanislav Chistov is hit by Josh Bailey and loses puck.
1:44 of 2nd period - Stanislav Chistov from Senators is injured at 1:44 of 2nd period (Strained Right Knee).
1:45 of 2nd period - Vernon Fiddler wins face-off versus Derek Stepan in Senators zone.
1:50 of 2nd period - Snap shot by Sergei Kostitsyn.
1:50 of 2nd period - Deflect By Derek Stepan.
1:50 of 2nd period - Stopped by Braden Holtby with a rebound.
2:33 of 2nd period - Milan Jurcina is hit by Stephane Da Costa and loses puck.
2:56 of 2nd period - Snap shot by Vernon Fiddler.
2:56 of 2nd period - Stopped by Braden Holtby with a rebound.
3:20 of 2nd period - Wrist shot by Michal Grosek.
3:20 of 2nd period - Stopped by Braden Holtby with a rebound.
3:22 of 2nd period - Slapshot by Shane Sims.
3:22 of 2nd period - Shot Blocked by Filip Novak.
3:24 of 2nd period - Snap shot by Logan Stephenson.
3:24 of 2nd period - Deflect By Michal Grosek.
3:24 of 2nd period - Shot Misses the Net.
3:24 of 2nd period - Puck is out of play.
3:25 of 2nd period - Derek Stepan wins face-off versus Cody Hodgson in Sasquatch zone.
4:01 of 2nd period - Off-side.
4:02 of 2nd period - Derek Stepan wins face-off versus Vernon Fiddler in neutral zone.
4:07 of 2nd period - Slapshot by D.J King.
4:07 of 2nd period - Stopped by Jonas Gustavsson without a rebound.
4:08 of 2nd period - Vernon Fiddler wins face-off versus Derek Stepan in Senators zone.
4:08 of 2nd period - Vernon Fiddler is hit by D.J King.
4:31 of 2nd period - Icing by Erik Karlsson.
4:32 of 2nd period - Cody Hodgson wins face-off versus Mikael Backlund in Senators zone.
4:41 of 2nd period - Wrist shot by Steven Goertzen.
4:41 of 2nd period - Shot Blocked by Filip Novak.
4:43 of 2nd period - Snap shot by Michal Grosek.
4:43 of 2nd period - Stopped by Braden Holtby without a rebound.
4:44 of 2nd period - Vernon Fiddler wins face-off versus Derek Stepan in Sasquatch zone.
5:09 of 2nd period - Cam Atkinson is hit by Milan Jurcina.
5:59 of 2nd period - Snap shot by Vernon Fiddler.
5:59 of 2nd period - Stopped by Braden Holtby without a rebound.
6:00 of 2nd period - Vernon Fiddler wins face-off versus Mikael Backlund in Sasquatch zone.
6:13 of 2nd period - Wrist shot by Jason Akeson.
6:13 of 2nd period - Goal by Jason Akeson - Senators : 2 - Sasquatch : 1.
6:14 of 2nd period - Mikael Backlund wins face-off versus Vernon Fiddler in neutral zone.
6:21 of 2nd period - Wrist shot by Mikael Backlund.
6:21 of 2nd period - Shot Misses the Net.
6:27 of 2nd period - Nick Leddy is hit by Milan Jurcina and loses puck.
6:34 of 2nd period - Sergei Kostitsyn is hit by Jason Akeson and loses puck.
7:00 of 2nd period - Snap shot by Vernon Fiddler.
7:00 of 2nd period - Shot Misses the Net.
7:12 of 2nd period - Snap shot by Derek Stepan.
7:12 of 2nd period - Stopped by Jonas Gustavsson without a rebound.
7:13 of 2nd period - Derek Stepan wins face-off versus Cody Hodgson in Senators zone.
7:25 of 2nd period - Icing by Jonathan Blum.
7:26 of 2nd period - Derek Stepan wins face-off versus Cody Hodgson in Sasquatch zone.
7:26 of 2nd period - Derek Stepan is hit by Patrick Wey.
7:44 of 2nd period - Slapshot by Derek Stepan.
7:44 of 2nd period - Stopped by Jonas Gustavsson with a rebound.
8:00 of 2nd period - Snap shot by Derek Stepan.
8:00 of 2nd period - Stopped by Jonas Gustavsson without a rebound.
8:01 of 2nd period - Vernon Fiddler wins face-off versus Mikael Backlund in Senators zone.
8:32 of 2nd period - Snap shot by Jaden Schwartz.
8:32 of 2nd period - Stopped by Braden Holtby with a rebound.
8:34 of 2nd period - Snap shot by Milan Jurcina.
8:34 of 2nd period - Shot Misses the Net.
8:36 of 2nd period - Slapshot by Erik Karlsson.
8:36 of 2nd period - Stopped by Braden Holtby with a rebound.
8:50 of 2nd period - Slapshot by Nick Leddy.
8:50 of 2nd period - Deflect By Brock Trotter.
8:50 of 2nd period - Shot Misses the Net.
8:50 of 2nd period - Puck is out of play.
8:51 of 2nd period - Kevin Porter wins face-off versus Vernon Fiddler in Senators zone.
8:52 of 2nd period - Wrist shot by Brock Trotter.
8:52 of 2nd period - Shot Misses the Net.
8:54 of 2nd period - Slapshot by Jonathan Blum.
8:54 of 2nd period - Goal by Jonathan Blum - Senators : 2 - Sasquatch : 2.
8:55 of 2nd period - Vernon Fiddler wins face-off versus Derek Stepan in neutral zone.
9:06 of 2nd period - Slapshot by D.J King.
9:06 of 2nd period - Shot Blocked by Erik Karlsson.
9:08 of 2nd period - Snap shot by D.J King.
9:08 of 2nd period - Deflect By Vernon Fiddler.
9:08 of 2nd period - Stopped by Jonas Gustavsson with a rebound.
11:02 of 2nd period - Slapshot by Brock Trotter.
11:02 of 2nd period - Shot Blocked by Sergei Kostitsyn.
11:12 of 2nd period - Filip Novak is hit by Michal Grosek and loses puck.
11:37 of 2nd period - Snap shot by Dylan Hunter.
11:37 of 2nd period - Deflect By Jack Skille.
11:37 of 2nd period - Stopped by Braden Holtby without a rebound.
11:38 of 2nd period - Mikael Backlund wins face-off versus Mark Olver in Sasquatch zone.
12:03 of 2nd period - Jack Skille is hit by Kevin Porter and loses puck.
13:18 of 2nd period - Backhand shot by Stephane Da Costa.
13:18 of 2nd period - Shot Misses the Net.
13:20 of 2nd period - Slapshot by Josh Bailey.
13:20 of 2nd period - Deflect By Stephane Da Costa.
13:20 of 2nd period - Shot Misses the Net.
13:20 of 2nd period - Puck is out of play.
13:21 of 2nd period - Vernon Fiddler wins face-off versus Derek Stepan in Senators zone.
13:36 of 2nd period - Snap shot by Derek Stepan.
13:36 of 2nd period - Stopped by Jonas Gustavsson without a rebound.
13:37 of 2nd period - Mikael Backlund wins face-off versus Cody Hodgson in Senators zone.
13:40 of 2nd period - Wrist shot by Jason Akeson.
13:40 of 2nd period - Shot Blocked by Steven Goertzen.
13:42 of 2nd period - Snap shot by Yann Sauvé.
13:42 of 2nd period - Stopped by Jonas Gustavsson with a rebound.
13:44 of 2nd period - Wrist shot by Linus Omark.
13:44 of 2nd period - Stopped by Jonas Gustavsson without a rebound.
13:45 of 2nd period - Cody Hodgson wins face-off versus Mikael Backlund in Senators zone.
13:45 of 2nd period - Cody Hodgson is hit by Jonathan Blum.
14:23 of 2nd period - Snap shot by Linus Omark.
14:23 of 2nd period - Deflect By Jason Akeson.
14:23 of 2nd period - Shot Misses the Net.
14:23 of 2nd period - Puck is out of play.
14:24 of 2nd period - Derek Stepan wins face-off versus Vernon Fiddler in Senators zone.
14:29 of 2nd period - Snap shot by Derek Stepan.
14:29 of 2nd period - Deflect By Cam Atkinson.
14:29 of 2nd period - Stopped by Jonas Gustavsson with a rebound.
14:31 of 2nd period - Snap shot by D.J King.
14:31 of 2nd period - Stopped by Jonas Gustavsson without a rebound.
14:32 of 2nd period - Derek Stepan wins face-off versus Vernon Fiddler in Senators zone.
14:41 of 2nd period - Slapshot by Cam Atkinson.
14:41 of 2nd period - Shot Blocked by Jack Skille.
14:43 of 2nd period - Slapshot by Filip Novak.
14:43 of 2nd period - Shot Blocked by Logan Stephenson.
14:45 of 2nd period - Snap shot by Cam Atkinson.
14:45 of 2nd period - Stopped by Jonas Gustavsson without a rebound.
14:46 of 2nd period - Sergei Kostitsyn wins face-off versus Derek Stepan in Senators zone.
14:53 of 2nd period - Milan Jurcina is hit by Filip Novak.
15:15 of 2nd period - Linus Omark is hit by Steven Goertzen and loses puck.
15:24 of 2nd period - Wrist shot by Cody Hodgson.
15:24 of 2nd period - Shot Misses the Net.
16:15 of 2nd period - Snap shot by Derek Stepan.
16:15 of 2nd period - Goal by Derek Stepan - Senators : 2 - Sasquatch : 3.
16:16 of 2nd period - Derek Stepan wins face-off versus Vernon Fiddler in neutral zone.
16:25 of 2nd period - Snap shot by D.J King.
16:25 of 2nd period - Shot Blocked by Erik Karlsson.
16:37 of 2nd period - Minor Penalty to Vernon Fiddler for Hooking.
16:38 of 2nd period - Matt Frattin wins face-off versus Derek Stepan in Senators zone.
17:08 of 2nd period - Snap shot by Kevin Porter.
17:08 of 2nd period - Stopped by Jonas Gustavsson with a rebound.
17:45 of 2nd period - Logan Stephenson is hit by Cam Atkinson and loses puck.
18:37 of 2nd period - Penalty to Vernon Fiddler is over, Vernon Fiddler is back on ice.
18:42 of 2nd period - Snap shot by Kevin Porter.
18:42 of 2nd period - Stopped by Jonas Gustavsson with a rebound.
18:44 of 2nd period - Snap shot by Linus Omark.
18:44 of 2nd period - Stopped by Jonas Gustavsson without a rebound.
18:45 of 2nd period - Stephane Da Costa wins face-off versus Vernon Fiddler in Senators zone.
18:50 of 2nd period - Snap shot by Stephane Da Costa.
18:50 of 2nd period - Stopped by Jonas Gustavsson without a rebound.
18:51 of 2nd period - Jack Skille wins face-off versus Stephane Da Costa in Senators zone.
18:53 of 2nd period - Icing by Sergei Kostitsyn.
18:54 of 2nd period - Stephane Da Costa wins face-off versus Vernon Fiddler in Senators zone.
Goals for this period are 0 for Senators vs 3 for Sasquatch.
Shots for this period are 8 for Senators vs 20 for Sasquatch.

3rd period


0:01 of 3rd period - Derek Stepan wins face-off versus Vernon Fiddler in neutral zone.
0:12 of 3rd period - Snap shot by Vernon Fiddler.
0:12 of 3rd period - Stopped by Braden Holtby without a rebound.
0:13 of 3rd period - Derek Stepan wins face-off versus Vernon Fiddler in Sasquatch zone.
0:15 of 3rd period - Minor Penalty to D.J King for Tripping.
0:16 of 3rd period - Vernon Fiddler wins face-off versus James Livingstone in Sasquatch zone.
0:16 of 3rd period - Snap shot by Sergei Kostitsyn.
0:16 of 3rd period - Goal by Sergei Kostitsyn - Senators : 3 - Sasquatch : 3.
0:17 of 3rd period - Derek Stepan wins face-off versus Vernon Fiddler in neutral zone.
0:42 of 3rd period - Mikael Backlund is hit by Steven Goertzen and loses puck.
1:49 of 3rd period - Wrist shot by D.J King.
1:49 of 3rd period - Stopped by Jonas Gustavsson with a rebound.
2:01 of 3rd period - Jack Skille is hit by Yann Sauvé and loses puck.
2:06 of 3rd period - Slapshot by Linus Omark.
2:06 of 3rd period - Stopped by Jonas Gustavsson without a rebound.
2:07 of 3rd period - Mikael Backlund wins face-off versus Vernon Fiddler in Senators zone.
2:12 of 3rd period - Wrist shot by Mikael Backlund.
2:12 of 3rd period - Shot Misses the Net.
3:45 of 3rd period - Linus Omark is hit by Michal Grosek and loses puck.
3:55 of 3rd period - Icing by Cam Atkinson.
3:56 of 3rd period - Derek Stepan wins face-off versus Nick Bjugstad in Sasquatch zone.
4:00 of 3rd period - Off-side.
4:01 of 3rd period - Derek Stepan wins face-off versus Vernon Fiddler in neutral zone.
4:16 of 3rd period - Snap shot by Sergei Kostitsyn.
4:16 of 3rd period - Shot Misses the Net.
4:33 of 3rd period - Icing by Cody Hodgson.
4:34 of 3rd period - Mikael Backlund wins face-off versus Cody Hodgson in Senators zone.
4:41 of 3rd period - Slapshot by Mikael Backlund.
4:41 of 3rd period - Stopped by Jonas Gustavsson without a rebound.
4:42 of 3rd period - Mikael Backlund wins face-off versus Vernon Fiddler in Senators zone.
5:14 of 3rd period - Wrist shot by Michal Grosek.
5:14 of 3rd period - Stopped by Braden Holtby without a rebound.
5:15 of 3rd period - Derek Stepan wins face-off versus Vernon Fiddler in Sasquatch zone.
5:22 of 3rd period - Snap shot by Vernon Fiddler.
5:22 of 3rd period - Deflect By Sergei Kostitsyn.
5:22 of 3rd period - Shot Misses the Net.
5:22 of 3rd period - Puck is out of play.
5:23 of 3rd period - Derek Stepan wins face-off versus Vernon Fiddler in Sasquatch zone.
6:18 of 3rd period - Wrist shot by Jaden Schwartz.
6:18 of 3rd period - Shot Misses the Net.
6:36 of 3rd period - Derek Stepan is hit by Jack Skille and loses puck.
6:43 of 3rd period - Jack Skille is hit by Yann Sauvé and loses puck.
6:56 of 3rd period - Michal Jordan is hit by Sergei Kostitsyn.
7:28 of 3rd period - Wrist shot by Mikael Backlund.
7:28 of 3rd period - Stopped by Jonas Gustavsson with a rebound.
7:30 of 3rd period - Snap shot by Mikael Backlund.
7:30 of 3rd period - Goal by Mikael Backlund - Senators : 3 - Sasquatch : 4.
7:31 of 3rd period - Derek Stepan wins face-off versus Mark Olver in neutral zone.
7:45 of 3rd period - Minor Penalty to Milan Jurcina for Hooking.
7:46 of 3rd period - Derek Stepan wins face-off versus Vernon Fiddler in Senators zone.
8:24 of 3rd period - Minor Penalty to Linus Omark for High sticking.
8:25 of 3rd period - D.J King wins face-off versus Vernon Fiddler in Sasquatch zone.
8:30 of 3rd period - Slapshot by Filip Novak.
8:30 of 3rd period - Stopped by Jonas Gustavsson with a rebound.
8:32 of 3rd period - Wrist shot by D.J King.
8:32 of 3rd period - Shot Misses the Net.
8:34 of 3rd period - Slapshot by Yann Sauvé.
8:34 of 3rd period - Shot Hit the Post.
8:36 of 3rd period - Slapshot by Yann Sauvé.
8:36 of 3rd period - Shot Misses the Net.
8:38 of 3rd period - Snap shot by Filip Novak.
8:38 of 3rd period - Shot Misses the Net.
8:40 of 3rd period - Snap shot by Filip Novak.
8:40 of 3rd period - Shot Blocked by Erik Karlsson.
8:50 of 3rd period - Vernon Fiddler is hit by D.J King and loses puck.
8:59 of 3rd period - Slapshot by Vernon Fiddler.
8:59 of 3rd period - Shot Misses the Net.
9:17 of 3rd period - James Livingstone is hit by Mark Olver and loses puck.
9:44 of 3rd period - D.J King is hit by Patrick Wey and loses puck.
9:45 of 3rd period - Penalty to Milan Jurcina is over, Milan Jurcina is back on ice.
10:20 of 3rd period - Slapshot by Steven Goertzen.
10:20 of 3rd period - Stopped by Braden Holtby with a rebound.
10:24 of 3rd period - Penalty to Linus Omark is over, Linus Omark is back on ice.
10:30 of 3rd period - Nick Leddy is hit by Vernon Fiddler and loses puck.
11:14 of 3rd period - Wrist shot by Josh Bailey.
11:14 of 3rd period - Goal by Josh Bailey - Senators : 3 - Sasquatch : 5.
11:15 of 3rd period - Vernon Fiddler wins face-off versus Derek Stepan in neutral zone.
11:25 of 3rd period - Snap shot by Vernon Fiddler.
11:25 of 3rd period - Goal by Vernon Fiddler - Senators : 4 - Sasquatch : 5.
11:26 of 3rd period - Derek Stepan wins face-off versus Vernon Fiddler in neutral zone.
11:51 of 3rd period - Cody Hodgson is hit by Jason Akeson and loses puck.
11:58 of 3rd period - Snap shot by Linus Omark.
11:58 of 3rd period - Stopped by Jonas Gustavsson without a rebound.
11:59 of 3rd period - Vernon Fiddler wins face-off versus Linus Omark in Senators zone.
11:59 of 3rd period - Vernon Fiddler is hit by Jonathan Blum.
12:04 of 3rd period - Shane Sims is hit by Jonathan Blum and loses puck.
12:15 of 3rd period - Shane Sims is hit by Jonathan Blum and loses puck.
12:37 of 3rd period - Off-side.
12:38 of 3rd period - D.J King wins face-off versus Cody Hodgson in neutral zone.
12:41 of 3rd period - Slapshot by Nick Leddy.
12:41 of 3rd period - Deflect By D.J King.
12:41 of 3rd period - Shot Misses the Net.
12:41 of 3rd period - Puck is out of play.
12:42 of 3rd period - Derek Stepan wins face-off versus Cody Hodgson in Senators zone.
12:52 of 3rd period - Erik Karlsson is hit by D.J King and loses puck.
13:06 of 3rd period - Minor Penalty to Milan Jurcina for Boarding.
13:07 of 3rd period - Vernon Fiddler wins face-off versus Derek Stepan in Senators zone.
14:00 of 3rd period - Slapshot by Linus Omark.
14:00 of 3rd period - Stopped by Jonas Gustavsson with a rebound.
14:02 of 3rd period - Wrist shot by Linus Omark.
14:02 of 3rd period - Deflect By Shane Sims.
14:02 of 3rd period - Stopped by Jonas Gustavsson with a rebound.
14:14 of 3rd period - Wrist shot by Cam Atkinson.
14:14 of 3rd period - Shot Misses the Net.
14:16 of 3rd period - Wrist shot by Cam Atkinson.
14:16 of 3rd period - Shot Misses the Net.
14:36 of 3rd period - Wrist shot by Linus Omark.
14:36 of 3rd period - Shot Misses the Net.
14:38 of 3rd period - Wrist shot by Linus Omark.
14:38 of 3rd period - Deflect By Kevin Porter.
14:38 of 3rd period - Shot Misses the Net.
14:38 of 3rd period - Puck is out of play.
14:39 of 3rd period - Vernon Fiddler wins face-off versus Jason Akeson in Senators zone.
15:04 of 3rd period - Derek Stepan is hit by Erik Karlsson and loses puck.
15:06 of 3rd period - Penalty to Milan Jurcina is over, Milan Jurcina is back on ice.
16:30 of 3rd period - Linus Omark is hit by Cody Hodgson.
16:42 of 3rd period - Matt Frattin is hit by Jesper Fast and loses puck.
17:54 of 3rd period - Icing by Yann Sauvé.
17:55 of 3rd period - Kevin Porter wins face-off versus Vernon Fiddler in Sasquatch zone.
18:00 of 3rd period - Snap shot by Yann Sauvé.
18:00 of 3rd period - Shot Blocked by Jack Skille.
18:02 of 3rd period - Slapshot by Kevin Porter.
18:02 of 3rd period - Shot Misses the Net.
18:04 of 3rd period - Wrist shot by Kevin Porter.
18:04 of 3rd period - Stopped by Jonas Gustavsson without a rebound.
18:05 of 3rd period - Kevin Porter wins face-off versus Mark Olver in Senators zone.
18:45 of 3rd period - Snap shot by Kevin Porter.
18:45 of 3rd period - Stopped by Jonas Gustavsson with a rebound.
18:47 of 3rd period - Snap shot by Jonathan Blum.
18:47 of 3rd period - Shot Blocked by Jack Skille.
18:49 of 3rd period - Slapshot by Yann Sauvé.
18:49 of 3rd period - Stopped by Jonas Gustavsson without a rebound.
18:50 of 3rd period - Doug Gilmour call a timeout for Senators.
18:50 of 3rd period - Kevin Porter wins face-off versus Vernon Fiddler in Senators zone.
18:54 of 3rd period - Minor Penalty to Erik Karlsson for High sticking.
18:55 of 3rd period - Derek Stepan wins face-off versus Vernon Fiddler in Senators zone.
19:05 of 3rd period - Martin Marincin is hit by Derek Stepan and loses puck.
19:20 of 3rd period - Vernon Fiddler is hit by Kevin Porter and loses puck.
19:30 of 3rd period - Icing by Kevin Porter.
19:31 of 3rd period - Kevin Porter wins face-off versus Vernon Fiddler in Sasquatch zone.
19:36 of 3rd period - Vernon Fiddler is hit by Linus Omark and loses puck.
19:47 of 3rd period - Slapshot by Cam Atkinson.
19:47 of 3rd period - Shot Misses the Net.
Goals for this period are 2 for Senators vs 2 for Sasquatch.
Shots for this period are 5 for Senators vs 13 for Sasquatch.